7 Paladin
3 Holy Light
1 Divine Shield
2 Devotion Aura
1 Resurrection
7 Archmage
2 Blizzard
2 Summon Water Elemental
2 Brilliance Aura
1 Mass Teleport
5 Mountain King
3 Storm Bolt
1 Bash
1 Thunder Clap
» actions
| Assign group hotkey | 24 | |
| Basic commands | 155 | |
| Build / train | 108 | |
| ESC pressed | 6 | |
| Enter build submenu | 26 | |
| Enter hero's abilities submenu | 19 | |
| Give item / drop item | 4 | |
| Right click | 292 | |
| Select / deselect | 345 | |
| Select group hotkey | 476 | |
| Use ability | 101 | |
1556 total
» units
| Peasant | 8 | |
| Footman | 4 | |
| Rifleman | 4 | |
| Goblin Shredder | 1 | |
| Spell Breaker | 2 | |
| Priest | 2 | |
| Sorceress | 2 | |
| Knight | 6 | |
| Siege Engine | 2 | |
| Mortar Team | 4 | |
| Dragonhawk Rider | 8 | |
| Gryphon Rider | 3 | |
46 total
» upgrades
| Masonry | 3 | |
| Plating | 3 | |
| Gunpowder | 3 | |
| Swords | 3 | |
| Armor | 3 | |
| Priest Training | 3 | |
| Sorceress Training | 2 | |
| Long Rifles | 1 | |
| Magic Sentry | 1 | |
| Animal War Training | 1 | |
| Fragmentation Shards | 1 | |
| Control Magic | 1 | |
| Barrage | 1 | |
| Lumber Harvesting | 2 | |
| Storm Hammers | 1 | |
| Cloud | 1 | |
| Backpack | 1 | |
| Defend | 1 | |
| Flare | 1 | |
| Flak Cannons | 1 | |
| Flying Machine Bombs | 1 | |
35 total
» buildings
| Altar of Kings | 1 | |
| Farm | 15 | |
| Barracks | 1 | |
| Lumber Mill | 1 | |
| Arcane Vault | 2 | |
| Blacksmith | 1 | |
| Keep | 1 | |
| Town Hall | 1 | |
| Scout Tower | 1 | |
| Arcane Sanctum | 1 | |
| Guard Tower | 1 | |
| Castle | 1 | |
| Workshop | 1 | |
| Gryphon Aviary | 2 | |
30 total
» build order
00:03 Altar of Kings
00:04 Farm
00:41 Barracks
00:55 Lumber Mill
01:02 Farm
01:05 Farm
01:46 Farm
02:06 Arcane Vault
02:22 Blacksmith
03:42 Keep
05:11 Farm
05:12 Farm
05:47 Farm
06:49 Town Hall
07:14 Arcane Vault
08:37 Scout Tower
08:45 Arcane Sanctum
11:32 Guard Tower
11:44 Castle
13:32 Farm
13:36 Farm
13:37 Farm
14:49 Workshop
17:10 Farm
17:13 Farm
17:14 Farm
18:15 Gryphon Aviary
19:03 Farm
19:07 Gryphon Aviary
19:09 Farm
» items
| Lesser Clarity Potion | 1 | |
| Scroll of Regeneration | 1 | |
2 total